 Dungeon Crawl Stone Soup version 0.27-a0-965-gbf8bb431c4 (webtiles) character file.

Game seed: 1091518935455135682

2 polve the Skirmisher (level 1, -2/18 HPs)
             Began as a Demonspawn Abyssal Knight on Apr 12, 2021.
             Was an Initiate of Lugonu.
             Slain by a kobold
             ... wielding a +2 dagger of speed
              (4 damage)
             ... on level 1 of the Dungeon.
             The game lasted 00:00:15 (193 turns).

polve the Skirmisher (Demonspawn Abyssal Knight)     Turns: 193, Time: 00:00:15

Health: -2/18      AC:  3    Str: 12    XL:     1   Next: 25%
Magic:  2/2        EV: 11    Int: 13    God:    Lugonu [......]
Gold:   0          SH:  0    Dex: 12    Spells: 0/0 levels left

rFire    . . .     SeeInvis .   a - +1 short sword
rCold    . . .     Faith    .   (no shield)
rNeg     . . .     Spirit   .   b - +0 leather armour
rPois    .         Reflect  .   (no helmet)
rElec    .         Harm     .   (no cloak)
rCorr    .         Rampage  .   (no gloves)
Will     .....                  (no boots)
Stlth    +.........             (no amulet)
HPRegen  0.06/turn              (no ring)
MPRegen  0.08/turn              (no ring)

@: no status effects
A: no striking features
a: Renounce Religion


You were on level 1 of the Dungeon.
You worshipped Lugonu.
Lugonu was noncommittal.
You visited 1 branch of the dungeon, and saw 1 of its levels.
You visited the Abyss 1 time.

Inventory:

Hand Weapons
 a - a +1 short sword (weapon)
Armour
 b - a +0 leather armour (worn)
Scrolls
 c - a scroll of identify {unknown}


   Skills:
 - Level 3.0 Fighting
 + Level 2.0 Short Blades
 - Level 1.7 Armour
 - Level 0.8 Dodging
 - Level 2.4 Invocations


You couldn't memorise any spells.
You didn't know any spells.
Your spell library was empty.

Dungeon Overview and Level Annotations

Branches:
Dungeon (1/15)

Altars:


Message History

A ball python comes into view.
The ball python moves out of view.
You hit the hobgoblin.
The hobgoblin is moderately wounded.
The hobgoblin barely misses you.
You barely miss the hobgoblin.
The hobgoblin is moderately wounded.
The hobgoblin closely misses you.
You hit the hobgoblin.
You kill the hobgoblin!
Lugonu accepts your kill. The kobold hits you but does no damage.
Your Short Blades skill increases to level 2!
You barely miss the kobold. The kobold hits you but does no damage.
Your leather armour prevents you from hitting the kobold.
The kobold misses you. The kobold hits you but does no damage.
The ball python bites you but does no damage.
The ball python grabs you. The ball python constricts you.
You barely miss the ball python.
The kobold hits you with a +2 dagger of speed.
The ball python bites you. The ball python constricts you.
The kobold hits you with a +2 dagger of speed.
You are too injured to fight recklessly!
You are too injured to fight recklessly!
You are too injured to fight recklessly!
You are too injured to fight recklessly!
You are too injured to fight recklessly!
There are monsters nearby!
There are monsters nearby!
You escape the ball python's grasp.
You see here a hobgoblin corpse.
You closely miss the kobold.
The kobold hits you with a +2 dagger of speed.
* * * LOW HITPOINT WARNING * * *
You closely miss the kobold.
The kobold hits you with a +2 dagger of speed.
* * * LOW HITPOINT WARNING * * *
You barely miss the kobold.
The kobold hits you with a +2 dagger of speed.
You die...

####### ......#
....... ......#
#.. ..# #.# #.#
###.# #@#
#...###K#######
+..>...S.......
#.#.####..#.##.
#.#.# #..##
#.#.#.###...#
#.#.#..)...#.
#.#.#.###..##.#
#.#.###..>...#.


You could see a ball python and a kobold.

Vanquished Creatures
  A hobgoblin (D:1)
  A goblin (D:1)
2 creatures vanquished.

Notes
Turn   | Place    | Note
-------+----------+-------------------------------------------
     0 | Abyss:1  | polve the Demonspawn Abyssal Knight began the quest for the
                  | Orb.
     0 | Abyss:1  | Reached XP level 1. HP: 18/18 MP: 2/2
    41 | Abyss:1  | Found a corrupted altar of Lugonu.
   116 | Abyss:1  | Noticed a raiju
   117 | D:1      | Escaped the Abyss
   193 | D:1      | Slain by a kobold

Illustrated notes

Levels and vault maps discovered:
D:1:      onia_arrival_mini_spirals, layout_basic, basic_ecumenical_altar,
          minmay_tripent

Skill      XL: |  1 |
---------------+----+-----
Short Blades   | 2 |  2.0
Fighting       | |  3.0
Armour         | |  1.7
Dodging        | |  0.8
Invocations    | |  2.4

Action                   || total
-------------------------++-------
Melee: Short sword       ||    10
Invok: Depart the Abyss  ||     1
Armor: Leather armour    ||     4
Dodge: Dodged            ||     3

Table legend: (Time is in decaauts)
 A = Elapsed time spent in this place.
 B = Non-inter-level travel time spent in this place.
 C = Inter-level travel time spent in this place.
 D = Time resting spent in this place.
 E = Time spent auto-exploring this place.
 F = Levels seen in this place.
 G = Mean time per level.
                   A        B        C        D        E       F      G
               +--------+--------+--------+--------+--------+-----+--------+
         Total |    192 |    192 |      0 |      0 |    175 |   2 |   96.0 |
       Dungeon |     75 |     75 |      0 |      0 |     59 |   1 |   75.0 |
         Abyss |    117 |    117 |      0 |      0 |    116 |   1 |  117.0 |
               +--------+--------+--------+--------+--------+-----+--------+

Top non-repeatable levels by time:
 Abyss:1: 117 daAuts
     D:1: 75 daAuts
